 Dungeon Crawl Stone Soup version 0.31.0-4-g52a2dc7128 (webtiles) character file.

Game seed: 15105834621363516362

155528 freelancePsychic the Earth Mage (level 17, -3/116 HPs)
             Began as a Gargoyle Earth Elementalist on Jan 22, 2024.
             Was the Champion of Vehumet.
             Slain by a fenstrider witch (4 damage)
             ... on level 4 of the Swamp.
             The game lasted 01:04:33 (44670 turns).

freelancePsychic the Earth Mage (GrEE)             Turns: 44670, Time: 01:04:34

Health: -3/116     AC: 23    Str: 20    XL:     17   Next: 65%
Magic:  4/33       EV: 12    Int: 27    God:    Vehumet [******]
Gold:   1796       SH:  5    Dex: 10    Spells: 10/40 levels left

rFire   . . .        m - +7 demon whip (venom)
rCold   + . .        S - +0 buckler
rNeg    + . .        x - +0 ring mail "Dunep" {*Slow rCorr Int+5}
rPois   ∞            L - +0 helmet
rElec   +            f - +0 cloak
rCorr   +            u - +0 pair of gloves
SInv    .            q - -1 pair of boots "Fyvugi" {rElec Will+ Str+6}
Will    ++...        (no amulet)
Stlth   +            V - ring of protection from cold
HPRegen 0.39/turn    r - ring of wizardry
MPRegen 0.23/turn

%: slow self (1%), wizardry (x1)
@: silenced, flying, studying Alchemy
A: sickness immunity, AC +12, big wings, negative energy resistance 1,
electricity resistance, torment resistance 1, petrification resistance
a: Renounce Religion


You were on level 4 of the Swamp.
You worshipped Vehumet.
Vehumet was exalted by your worship.
You visited 6 branches of the dungeon, and saw 30 of its levels.
You also visited: Ossuary.

You collected 3037 gold pieces.
You spent 1241 gold pieces at shops.

Inventory:

Hand Weapons
 m - a +7 demon whip of venom (weapon)
Missiles
 i - 3 throwing nets
Armour
 f - a +0 cloak (worn)
 g - a +0 tower shield
 q - the -1 pair of boots "Fyvugi" (worn) {rElec Will+ Str+6}
   (You found it on level 10 of the Dungeon)

   Str+6:     It affects your strength (+6).
   rElec:     It insulates you from electricity.
   Will+:     It increases your willpower.
 u - a +0 pair of gloves (worn)
 x - the +0 ring mail "Dunep" (worn) {*Slow rCorr Int+5}
   (You found it on level 9 of the Dungeon)

   Int+5:     It affects your intelligence (+5).
   rCorr:     It protects you from acid and corrosion.
   *Slow:     It may slow you when you take damage.
 L - a +0 helmet (worn)
 S - a +0 buckler (worn)
 X - a +0 kite shield of reflection
Jewellery
 d - a ring of fire
 j - a +6 ring of intelligence
 r - a ring of wizardry (right hand)
 R - a ring of protection from fire
 V - a ring of protection from cold (left hand)
Wands
 C - a wand of flame (36)
 I - a wand of paralysis (5)
 N - a wand of mindburst (18)
 P - a wand of iceblast (17)
 Z - a wand of quicksilver (2)
Scrolls
 a - 2 scrolls of fog
 b - 5 scrolls of enchant armour
 e - 10 scrolls of revelation
 h - 3 scrolls of amnesia
 k - a scroll of brand weapon
 v - 6 scrolls of noise
 w - 5 scrolls of butterflies
 y - 4 scrolls of blinking
 E - a scroll of torment
 J - 2 scrolls of poison
 K - 2 scrolls of teleportation {@r4}
 T - 2 scrolls of fear
 U - 4 scrolls of vulnerability
 W - 3 scrolls of immolation
 Y - 10 scrolls of identify {@r1}
Potions
 c - 7 potions of mutation
 n - 2 potions of invisibility
 o - 16 potions of curing {@q1}
 p - 10 potions of brilliance
 s - 3 potions of might
 t - 2 potions of berserk rage {unknown}
 z - 4 potions of enlightenment
 A - 2 potions of resistance {unknown}
 B - 8 potions of haste {@q3}
 D - 3 potions of cancellation {unknown}
 F - 4 potions of lignification
 H - 5 potions of ambrosia {unknown}
 M - 3 potions of attraction {unknown}
 Q - a potion of magic
Miscellaneous
 O - a phantom mirror


   Skills:
 - Level 16.3 Fighting
 - Level 6.4 Maces & Flails
 - Level 6.0 Armour
 - Level 6.0 Dodging
 - Level 5.0 Stealth
 + Level 7.1 Shields
 - Level 12.0 Spellcasting
 - Level 11.6 Conjurations
 - Level 3.7 Fire Magic
 + Level 19.7 Earth Magic
 - Level 9.0 Alchemy


You had 10 spell levels left.
You knew the following spells:

 Your Spells              Type           Power      Damage    Failure   Level
a - Sandblast             Erth           100%       2d20      0%          1
b - Stone Arrow           Conj/Erth      100%       3d13      0%          3
c - Ignite Poison         Fire/Alch      50%        N/A       1%          4
d - Olgreb's Toxic Radia  Alch           59%        N/A       1%          4
e - Eringya's Noxious Bo  Alch           29%        4d6       3%          6
f - Lee's Rapid Deconstr  Erth           44%        3d21*     1%          5
i - Orb of Destruction    Conj           34%        9d10      5%          7

Your spell library contained the following spells:

 Spells                   Type           Power      Damage    Failure   Level
 Passwall                 Erth           89%        N/A       0%          3
 Sting                    Conj/Alch      100%       1d9       1%          1
 Mercury Vapours          Alch/Air       80%        N/A       1%          2
 Momentum Strike          Conj/Tloc      94%        3d10      1%          2
 Dazzling Flash           Conj/Hex       94%        N/A       1%          3
 Inner Flame              Hex/Fire       26%        N/A       1%          3
 Mephitic Cloud           Conj/Alch/Air  52%        N/A       1%          3
 Volatile Blastmotes      Fire/Tloc      52%        2d14      1%          3
 Brom's Barrelling Bould  Conj/Erth      79%        2d9       1%          4
 Flame Wave               Conj/Fire      55%        2d13      1%          4
 Petrify                  Alch/Erth      76%        N/A       1%          4
 Sticky Flame             Fire/Alch      50%        2d9       1%          4
 Alistair's Intoxication  Alch           39%        N/A       1%          5
 Borgnjor's Vile Clutch   Necr/Erth      31%        N/A       1%          5
 Fireball                 Conj/Fire      27%        3d12      1%          5
 Irradiate                Conj/Alch      32%        3d22      1%          5
 Iskenderun's Battlesphe  Conj           68%        2d12      1%          5
 Apportation              Tloc           32%        N/A       2%          1
 Necrotise                Necr           64%        1d7       2%          1
 Summon Small Mammal      Summ           64%        N/A       2%          1
 Yara's Violent Unravell  Hex/Alch       20%        3d9       3%          5
 Blink                    Tloc           32%        N/A       4%          2
 Ensorcelled Hibernation  Hex/Ice        32%        N/A       4%          2
 Lesser Beckoning         Tloc           32%        N/A       4%          2
 Freezing Cloud           Conj/Ice/Air   18%        6-21      4%          5
 Starburst                Conj/Fire      27%        6d9       4%          6
 Lehudib's Crystal Spear  Conj/Erth      39%        10d10     7%          8
 Fugue of the Fallen      Necr           16%        N/A       9%          3
 Gell's Gravitas          Tloc           16%        N/A       9%          3
 Teleport Other           Tloc           16%        N/A       9%          3
 Tukima's Dance           Hex            16%        N/A       9%          3
 Anguish                  Hex/Necr       8%         N/A       26%         4
 Cause Fear               Hex            8%         N/A       26%         4
 Passage of Golubria      Tloc           16%        N/A       26%         4
 Silence                  Hex/Air        8%         N/A       56%         5
 Ozocubu's Refrigeration  Ice            8%         4d9       97%         7
 Maxwell's Capacitive Co  Air            8%         ∞         99%         8
 Discord                  Hex            8%         N/A       100%        8
 Dragon's Call            Summ           8%         N/A       100%        9
 Sublimation of Blood     Necr           Unusable   N/A       N/A         2

Dungeon Overview and Level Annotations

Branches:
Dungeon (15/15)            Temple (1/1) D:4            Lair (5/5) D:9
  Swamp (4/4) Lair:3        Snake (3/4) Lair:3        Slime (0/5) Lair:4
    Orc (2/2) D:11            Elf (0/3) Orc:2        Vaults (0/5) D:14
 Depths (0/4) D:15        Ossuary (visited)

Altars:
Ashenzari
Cheibriados
Dithmenos
Elyvilon
Fedhas
Gozag
Hepliaklqana
Kikubaaqudgha
Makhleb
Nemelex Xobeh
Okawaru
Qazlal
Ru
Sif Muna
Trog
Uskayaw
Vehumet
Wu Jian
Xom
Yredelemnul
Zin
The Shining One
Jiyva

Shops:
Orc:2 ??   Snake:1 !!*?

Annotations:
D:4 Ijyb
D:6 Maggie
D:12 exclusion: obsidian statue
D:14 3 runed translucent doors, exclusion: ice statue, Ytheofip's ghost, journeyman FoFi
Lair:3 2 transporters, Deed's ghost, journeyman MiFi
Lair:4 1 runed translucent door
Swamp:4 Nikola
Orc:2 Azrael


Innate Abilities, Weirdness & Mutations

You are immune to sickness and miasma.
Your stone body is resilient. (AC +12)
You are immune to poison.
Your large and strong wings let you fly.
You resist negative energy. (rN+)
You are resistant to electric shocks. (rElec)
You are resistant to unholy torment.
You are immune to petrification.


Message History

You hit Nikola.
Nikola is severely wounded.
Nikola hits you with a +4 rapier of electrocution.
The fenstrider witch hits you but does no damage.
The fenstrider witch kicks you.
You hit Nikola.
Nikola looks even sicker.
Nikola is severely wounded.
The fenstrider witch hits you.
The fenstrider witch closely misses you.
Nikola hits you with a +4 rapier of electrocution.
* * * LOW HITPOINT WARNING * * *
You whack Nikola!
Nikola is almost dead.
The fenstrider witch hits you but does no damage.
The fenstrider witch kicks you.
* * * LOW HITPOINT WARNING * * *
Nikola hits you with a +4 rapier of electrocution!
* * * LOW HITPOINT WARNING * * *
You feel much better.
You block the fenstrider witch's attack.
The fenstrider witch kicks you.
* * * LOW HITPOINT WARNING * * *
A five-headed hydra comes into view.
Nikola hits you but does no damage. The fenstrider witch hits you.
* * * LOW HITPOINT WARNING * * *
The fenstrider witch kicks you!
* * * LOW HITPOINT WARNING * * *
The fenstrider witch attacks as it pursues you!
The fenstrider witch hits you!
* * * LOW HITPOINT WARNING * * *
The fenstrider witch kicks you.
* * * LOW HITPOINT WARNING * * *
Aiming: Quicksilver Bolt
Press: ? - help, Shift-Dir - straight line, f/p - Nikola
Aim: Nikola, wielding a +4 rapier of electrocution, wearing a +0 cloak and wearing the +0 pair of gloves of Patterns {rPois rF+ Int+5 Dex-5} (silenced, almost dead, very poisoned, 75% to hit)
The bolt of dispelling energy hits Nikola!
Nikola is almost dead.
The fenstrider witch barely misses you. The fenstrider witch kicks you.
You die...

♣♣.♣..♣♣ ♣§.....♣ ♣.~...♣♣♣
♣♣.~~.~~♣♣ ♣♣♣~♣....♣ ♣♣
♣♣.♣~♣~~~.♣♣
♣♣.♣♣♣♣........~.♣♣♣
♣~...~♣.........♣~.♣♣
♣....[~....~@.~....♣♣
♣♣♣..~~.....H.@~.~..♣
♣♣.♣♣..~.....~..~....♣
♣...♣~~..~~~~...~..~♣...♣
♣♣♣♣♣~.~..♣...§.~...~..~~..♣
..~♣.......~.§...~...§..~~♣♣
..............~..~...~§.~~.♣
♣♣~♣~~...~...~..§.....~...~.
♣♣♣.~.~.....~.~.~$....~..~~~


You could see Nikola (very poisoned) and a fenstrider witch.

Vanquished Creatures
  Kirke (D:13)
  Donald (Orc:2)
  3 nagarajas
  An orc warlord (Orc:1)
  3 eleionomae
  Snorg (D:14)
  A bunyip (Swamp:1)
  Josephine (Orc:2)
  6 hydras
  6 anacondas
  An ice dragon (D:15)
  A rakshasa (D:15)
  A salamander tyrant (Snake:1)
  3 ghost crabs (Swamp:3)
  Erica (D:11)
  Erolcha (D:11)
  6 centaur warriors
  9 alligators
  An ogre mage (D:14)
  5 boulder beetles
  6 naga warriors
  A tengu warrior (D:14)
  Urug (D:11)
  5 naga sharpshooters
  4 two-headed ogres
  Nergalle (Lair:3)
  2 orc high priests (Orc:2)
  5 shock serpents
  A skyshark (Lair:3)
  Amaemon (D:8)
  4 goliath frogs
  7 skeletal warriors
  Lodul (D:10)
  A spriggan druid (Swamp:1)
  4 swamp dragons
  9 mana vipers
  Pikel (D:7)
  A lindwurm (Lair:4)
  3 naga ritualists (Snake:3)
  2 bog bodies
  2 deep elf pyromancers
  A necromancer (D:15)
  21 ugly things
  8 cyclopes
  7 orc sorcerers
  8 salamanders
  A cyclops (shapeshifter) (D:8)
  2 manticores
  Maurice (D:11)
  4 will-o-the-wisps
  Joseph (D:9)
  4 kobold blastminers (Orc:2)
  23 black mambas
  4 elephants (Lair:5)
  An orange demon (D:8)
  A gargoyle (D:12)
  3 guardian serpents
  10 naga magi
  9 cane toads
  6 centaur skeletons
  Jeremiah (D:8)
  2 freezing wraiths (D:14)
  2 unseen horrors
  4 rime drakes
  7 komodo dragons
  A kobold demonologist (D:8)
  An efreet (D:15)
  2 ice devils (D:14)
  6 trolls
  A bloated husk (Swamp:2)
  A tengu conjurer (D:8)
  7 tyrant leeches
  6 polar bears
  2 dream sheep (Lair:5)
  10 hornets
  A harpy skeleton (D:15)
  9 blink frogs
  4 slime creatures
  A centaur simulacrum (D:14)
  A spriggan (shapeshifter) (D:14)
  4 shadows
  6 wraiths
  2 wyverns
  40 yaks
  4 vampires
  19 spriggans
  9 basilisks
  2 fire elementals (Orc:2)
  3 hogs (D:13)
  2 steam dragons
  A warg (Orc:1)
  8 redbacks (D:12)
  Grum (D:8)
  12 vampire mosquitoes
  A harpy simulacrum (D:15)
  18 nagas
  11 swamp worms
  10 water moccasins
  A hell hound (Orc:2)
  4 acid dragons
  A swamp drake (Swamp:2)
  20 orc warriors
  An ice beast (shapeshifter) (D:13)
  3 ice beasts
  18 ogres
  A sky beast (D:7)
  7 black bears
  10 centaurs
  30 wolves
  An ettin simulacrum (D:14)
  6 boggarts
  A phantom (D:5)
  4 lemures
  5 kobold brigands
  10 bullfrogs
  A scorpion (D:5)
  2 burial acolytes (Ossuary)
  8 wights
  7 killer bees
  4 howler monkeys
  An electric eel (Lair:2)
  5 hounds
  A centaur zombie (Ossuary)
  A gnoll bouda (D:4)
  23 orc priests
  3 jellies
  5 iguanas
  2 sleepcaps
  22 orc wizards
  5 hell rats (Lair:3)
  A boggart skeleton (D:15)
  5 mummies
  6 adders
  11 gnolls
  2 white imps
  2 dart slugs (D:3)
  3 ribbon worms
  96 orcs
  10 endoplasms
  3 giant cockroaches
  7 goblins
  9 hobgoblins
  4 jackals (D:5)
  12 kobolds
  3 quokkas
  10 ball pythons
  18 bats
  4 frilled lizards
  3 gnoll zombies (Ossuary)
  2 kobold zombies (Ossuary)
  2 orc zombies (Ossuary)
  7 rats
885 creatures vanquished.

Vanquished Creatures (others)
  A bloated husk (Swamp:3)
  A human (D:14)
  An orc priest (Orc:2)
  4 foxfires
7 creatures vanquished.

Grand Total: 892 creatures vanquished

Notes
Turn   | Place    | Note
-------+----------+-------------------------------------------
     0 | D:1      | freelancePsychic the Gargoyle Earth Elementalist began the
                  | quest for the Orb.
     0 | D:1      | Reached XP level 1. HP: 10/10 MP: 3/3
   229 | D:1      | Reached skill level 4 in Earth Magic
   229 | D:1      | Reached XP level 2. HP: 16/16 MP: 1/5
   556 | D:1      | Reached skill level 1 in Fighting
   928 | D:1      | Found a faded altar of an unknown god.
   938 | D:1      | Reached XP level 3. HP: 20/20 MP: 4/6
  1035 | D:2      | Learned a level 3 spell: Stone Arrow
  1261 | D:2      | Reached XP level 4. HP: 25/25 MP: 1/7
  2172 | D:3      | Reached skill level 5 in Earth Magic
  2172 | D:3      | Reached XP level 5. HP: 30/30 MP: 5/8
  2200 | D:3      | Found a sparkling altar of Nemelex Xobeh.
  2575 | D:4      | Found a staircase to the Ecumenical Temple.
  2598 | Temple   | Entered the Ecumenical Temple
  2609 | Temple   | Became a worshipper of Vehumet
  2668 | D:4      | Noticed Ijyb
  2893 | D:4      | Reached XP level 6. HP: 23/36 MP: 0/10
  2929 | D:4      | Found a sand-covered staircase.
  2939 | Ossuary  | Entered an ossuary
  3402 | D:4      | Reached XP level 7. HP: 41/41 MP: 8/12
  3570 | D:4      | Reached skill level 6 in Earth Magic
  3852 | D:4      | Reached * piety under Vehumet
  3852 | D:4      | Offered knowledge of Magic Dart by Vehumet.
  3936 | D:4      | Found an ornate altar of the Wu Jian Council.
  3937 | D:4      | Found a white marble altar of Elyvilon.
  4086 | D:5      | Entered Level 5 of the Dungeon
  5572 | D:6      | Found a snail-covered altar of Cheibriados.
  5738 | D:5      | Reached XP level 8. HP: 28/48 MP: 9/14
  6054 | D:6      | Reached skill level 5 in Spellcasting
  6054 | D:6      | Reached skill level 5 in Conjurations
  6122 | D:6      | Reached skill level 7 in Earth Magic
  6308 | D:5      | Reached skill level 5 in Fighting
  6748 | D:6      | Noticed Maggie
  7492 | D:7      | Reached skill level 8 in Earth Magic
  7492 | D:7      | Reached XP level 9. HP: 48/55 MP: 11/16
  7641 | D:7      | Noticed Pikel
  8297 | D:7      | Offered knowledge of Scorch by Vehumet.
  8666 | D:7      | Reached skill level 5 in Stealth
  8734 | D:7      | Killed Pikel
  8735 | D:7      | Reached skill level 9 in Earth Magic
  8887 | D:7      | Reached ** piety under Vehumet
  9074 | D:7      | Found an iron altar of Okawaru.
  9444 | D:8      | Reached XP level 10. HP: 58/63 MP: 9/17
  9812 | D:8      | Noticed Amaemon
  9812 | D:8      | Noticed an orange demon
  9827 | D:8      | Killed Amaemon
  9828 | D:8      | Reached skill level 10 in Earth Magic
  9830 | D:8      | Killed an orange demon
 10002 | D:8      | Noticed Jeremiah
 10160 | D:8      | Noticed Grum
 10400 | D:8      | Killed Grum
 10533 | D:8      | Noticed a centaur warrior
 10538 | D:8      | Reached skill level 1 in Maces & Flails
 10547 | D:8      | Noticed a two-headed ogre
 10862 | D:9      | Noticed Joseph
 10912 | D:9      | Found a hazy altar of Hepliaklqana.
 10967 | D:9      | Identified the +0 ring mail "Dunep" {*Slow rCorr Int+5}
 11184 | D:9      | Killed Joseph
 11437 | D:9      | Found a staircase to the Lair.
 11456 | D:9      | Reached skill level 11 in Earth Magic
 11764 | D:9      | Reached XP level 11. HP: 71/71 MP: 11/18
 12008 | D:10     | Entered Level 10 of the Dungeon
 12008 | D:10     | Noticed an orc sorcerer
 12018 | D:10     | Killed an orc sorcerer
 12301 | D:10     | Reached skill level 5 in Maces & Flails
 12379 | D:10     | Noticed Lodul
 12383 | D:10     | Noticed a two-headed ogre
 12521 | D:10     | Identified the -1 pair of boots "Fyvugi" {rElec Will+
                  | Str+6}
 12612 | D:11     | Noticed a seven-headed hydra
 12612 | D:11     | Noticed Erica
 12615 | D:10     | Offered knowledge of Mercury Vapours by Vehumet.
 12700 | D:10     | Reached *** piety under Vehumet
 12704 | D:10     | Killed Lodul
 12851 | D:10     | Killed a two-headed ogre
 12904 | D:10     | Reached skill level 10 in Fighting
 13065 | D:10     | Found a shimmering blue altar of Sif Muna.
 13157 | D:10     | Reached skill level 1 in Alchemy
 13469 | D:11     | Noticed Urug
 13540 | D:11     | Killed Urug
 13540 | D:11     | Offered knowledge of Ignite Poison by Vehumet.
 13546 | D:11     | Learned a level 4 spell: Ignite Poison
 13680 | D:10     | Learned a level 4 spell: Olgreb's Toxic Radiance
 13704 | D:11     | Noticed Erolcha
 13708 | D:11     | Killed Erolcha
 13912 | Lair:1   | Entered Level 1 of the Lair of Beasts
 13919 | Lair:1   | Reached skill level 1 in Fire Magic
 14098 | Lair:1   | Reached XP level 12. HP: 76/79 MP: 16/20
 14178 | Lair:1   | Reached skill level 5 in Alchemy
 15129 | Lair:1   | Reached **** piety under Vehumet
 15726 | Lair:2   | Reached skill level 1 in Armour
 15954 | Lair:2   | Offered knowledge of Iskenderun's Battlesphere by Vehumet.
 15961 | Lair:2   | Learned a level 5 spell: Iskenderun's Battlesphere
 16204 | Lair:2   | Reached skill level 12 in Earth Magic
 16671 | Lair:3   | Noticed Nergalle
 16676 | Lair:3   | Killed Nergalle
 16867 | Lair:3   | Noticed an eleionoma
 16875 | Lair:3   | Noticed a five-headed hydra
 16999 | Lair:4   | Reached skill level 13 in Earth Magic
 17048 | Lair:4   | Reached XP level 13. HP: 85/85 MP: 17/22
 17590 | Lair:4   | Found a runed translucent door.
 17592 | Lair:4   | Found a viscous altar of Jiyva.
 17593 | Lair:4   | Noticed an acid blob
 17652 | Lair:4   | Found a staircase to the Slime Pits.
 17652 | Lair:4   | Noticed an acid blob
 17832 | Lair:4   | Reached ***** piety under Vehumet
 17959 | Lair:4   | Offered knowledge of Orb of Destruction by Vehumet.
 17968 | Lair:4   | Learned a level 7 spell: Orb of Destruction
 18414 | Lair:3   | Reached skill level 5 in Armour
 18480 | Lair:3   | Reached skill level 10 in Conjurations
 18577 | Lair:3   | Reached skill level 14 in Earth Magic
 18667 | Lair:3   | Found a staircase to the Snake Pit.
 18798 | Lair:3   | Found a transporter.
 18893 | Lair:3   | Killed an eleionoma
 18923 | Lair:3   | Noticed Deed's ghost (journeyman MiFi)
 18982 | Lair:3   | Found a staircase to the Swamp.
 19079 | Lair:3   | Found a transporter.
 19444 | Lair:5   | Entered Level 5 of the Lair of Beasts
 20158 | Lair:5   | Reached skill level 15 in Earth Magic
 21057 | Lair:5   | Gained mutation: Your large and strong wings let you fly.
                  | [Gargoyle growth]
 21057 | Lair:5   | Reached XP level 14. HP: 94/94 MP: 20/23
 21781 | D:8      | Reached skill level 16 in Earth Magic
 22515 | D:8      | Killed Jeremiah
 23099 | D:11     | Noticed Maurice
 23123 | D:11     | Killed Maurice
 23496 | D:11     | Killed Erica
 23774 | D:11     | Found a staircase to the Orcish Mines.
 23789 | D:11     | Reached skill level 17 in Earth Magic
 24031 | Orc:1    | Entered Level 1 of the Orcish Mines
 24360 | Orc:1    | Noticed an orc warlord
 24367 | Orc:1    | Killed an orc warlord
 24696 | Orc:2    | Entered Level 2 of the Orcish Mines
 24792 | Orc:2    | Noticed Donald
 24799 | Orc:2    | Killed Donald
 25193 | Orc:2    | Offered knowledge of Freezing Cloud by Vehumet.
 25287 | Orc:2    | Found Ohakhlo's Magic Scroll Shop.
 25292 | Orc:2    | Bought a scroll of teleportation for 45 gold pieces
 25292 | Orc:2    | Bought a scroll of teleportation for 45 gold pieces
 25292 | Orc:2    | Bought a scroll of immolation for 60 gold pieces
 25292 | Orc:2    | Bought a scroll of revelation for 112 gold pieces
 25317 | Orc:2    | Found a staircase to the Elven Halls.
 25412 | Orc:2    | Noticed Azrael
 25843 | Orc:2    | Found Mudecah's Magic Scroll Emporium.
 25900 | Orc:2    | Bought a scroll of blinking for 112 gold pieces
 25900 | Orc:2    | Bought a scroll of enchant armour for 112 gold pieces
 25935 | Orc:2    | Noticed Josephine
 26102 | Orc:2    | Reached skill level 18 in Earth Magic
 26688 | Orc:2    | Killed Josephine
 27937 | D:12     | Reached XP level 15. HP: 79/101 MP: 24/24
 28153 | D:13     | Learned a level 6 spell: Eringya's Noxious Bog
 28231 | D:13     | Reached ****** piety under Vehumet
 28992 | D:13     | Offered knowledge of Bombard by Vehumet.
 29160 | D:14     | Noticed Snorg
 29167 | D:14     | Killed Snorg
 29168 | D:14     | Reached skill level 15 in Fighting
 29168 | D:14     | Reached skill level 19 in Earth Magic
 29447 | D:14     | Found a runed translucent gate.
 29447 | D:14     | Identified the +8 chain mail "Wuff" {-Tele rC++ Will+
                  | Slay+5}
 29447 | D:14     | Noticed an orc warlord
 29448 | D:14     | Found a runed translucent gate.
 29449 | D:14     | Found a runed translucent gate.
 29451 | D:14     | Noticed Ytheofip's ghost (journeyman FoFi)
 29454 | D:14     | Found the +4 skin of Zhor {*Englaciate rC+++ SInv}
 29866 | D:14     | Noticed Kirke
 29914 | D:13     | Killed Kirke
 30487 | D:14     | Noticed a frost giant
 31696 | D:14     | Found a gate to the Vaults.
 32427 | D:15     | Entered Level 15 of the Dungeon
 32653 | D:15     | Found an ornate altar of the Wu Jian Council.
 32660 | D:15     | Identified the +0 leather armour of Kitaukha {Will+ Int+2
                  | Stlth-}
 34043 | D:15     | Reached XP level 16. HP: 77/110 MP: 21/27
 34133 | D:15     | Offered knowledge of Lee's Rapid Deconstruction by Vehumet.
 34140 | D:15     | Learned a level 5 spell: Lee's Rapid Deconstruction
 34303 | D:15     | Found a staircase to the Depths.
 34307 | D:15     | Reached skill level 5 in Dodging
 35046 | Snake:1  | Entered Level 1 of the Snake Pit
 35902 | Snake:1  | Found Roozxem's Distillery.
 35904 | Snake:1  | Found Mareysur's Magic Scroll Emporium.
 35904 | Snake:1  | Found Paor's Distillery.
 35909 | Snake:1  | Bought a potion of heal wounds for 75 gold pieces
 35909 | Snake:1  | Bought a potion of brilliance for 60 gold pieces
 35909 | Snake:1  | Bought a potion of haste for 150 gold pieces
 35911 | Snake:1  | Found Elujur's General Store.
 35948 | Snake:1  | Bought a scroll of enchant weapon for 127 gold pieces
 35949 | Snake:1  | Bought a scroll of teleportation for 51 gold pieces
 35954 | Snake:1  | Bought a potion of haste for 140 gold pieces
 35957 | Snake:1  | Bought a potion of brilliance for 76 gold pieces
 35957 | Snake:1  | Bought a potion of brilliance for 76 gold pieces
 37971 | Snake:2  | Noticed a nagaraja
 37995 | Snake:2  | Killed a nagaraja
 38116 | Snake:2  | Noticed a nagaraja
 38122 | Snake:2  | Killed a nagaraja
 39568 | Snake:3  | Reached skill level 10 in Spellcasting
 39573 | Snake:3  | Noticed a nagaraja
 39597 | Snake:3  | Killed a nagaraja
 39795 | Snake:3  | Reached XP level 17. HP: 52/116 MP: 16/31
 40609 | Swamp:1  | Entered Level 1 of the Swamp
 41571 | Swamp:2  | Found a shimmering altar of Xom.
 42692 | Swamp:2  | Reached skill level 5 in Shields
 44240 | Swamp:4  | Entered Level 4 of the Swamp
 44642 | Swamp:4  | Identified the +0 pair of gloves of Patterns {rPois rF+
                  | Int+5 Dex-5}
 44642 | Swamp:4  | Noticed Nikola
 44669 | Swamp:4  | HP: 2/116 [fenstrider witch (14)]
 44670 | Swamp:4  | Slain by a fenstrider witch

Illustrated notes

Levels and vault maps discovered:
D:1:      lightli_arrival_maybe_door_vault, layout_loops_ring,
          shapermc_ecumenical_altar_mp_highgroup
D:2:      layout_basic, minmay_gold_behind_fungi, minmay_split_cup_small
D:3:      layout_rooms, mainiacjoe_overflow_chevrons, grunt_decor_fettered,
          roderic_batcave
D:4:      layout_rooms, nicolae_overflow_hidden_temple, temple_pool_b,
          gup_ossuary_entry_pyramid, uniq_ijyb
D:5:      layout_basic, moated_statue, minivault_5
D:6:      layout_gridville, nicolae_overflow_crystal_walls, uniq_maggie
D:7:      layout_basic, lemuel_crystal_altar, uniq_pikel
D:8:      minmay_the_grid_four_pointed_star
          [minmay_the_grid_triangle_9x9_corruption,
          minmay_the_grid_triangle_9x9_zippers_horizontal,
          minmay_the_grid_triangle_9x9_warning,
          minmay_the_grid_triangle_9x9_impossible_snake,
          minmay_the_grid_prize_four_corners], layout_basic, uniq_amaemon,
          uniq_grum, uniq_jeremiah
D:9:      layout_irregular_city, kennysheep_mini, erik_lair_dragon, uniq_joseph
D:10:     cheibrodos_wizards_tower, layout_irregular_city,
          serial_library_hellmonk_narrow_alcove, uniq_lodul
D:11:     layout_rooms, orc_0_dummy, uniq_maurice, uniq_erica, uniq_erolcha,
          uniq_urug
D:12:     layout_irregular_city, drop_trap, minmay_statue_bubble
D:13:     layout_roguey
D:14:     dreamdust_isle_of_ice, layout_loops_cross,
          hangedman_vaults_entry_quadrant_bands, biasface_ghost_orc_armoury,
          uniq_kirke, uniq_snorg
D:15:     grunt_enter_depths_magical_seal, layout_layer_cave,
          nicolae_wu_jian_wuxing_cycle, minivault_11
Temple:   nicolae_temple_bog_church
Lair:1:   layout_cave_pods, grunt_megastairs_5
Lair:2:   layout_cellular_growth, grunt_megastairs_4, serial_bayou_shore_a
Lair:3:   layout_misc_corridors, alex1729_swamp_entry_worm_eleionoma,
          guppyfry_snake_entry_island, nzn_ghost_randoct, grunt_megastairs_2,
          uniq_nergalle
Lair:4:   layout_gridlike, slime_entry_2
Lair:5:   minmay_lair_end_enchanted_forest, layout_loops_ring,
          grunt_forest_small_clearing_treed
Swamp:1:  layout_basic_swamp, evilmike_swamp_ruin_rubble_2, swamp_pool_1_2
Swamp:2:  layout_basic_swamp, basic_altar
Swamp:3:  layout_basic_swamp, nicolae_swamp_small_spring
Swamp:4:  swamp_basic_johnstein, layout_basic_swamp, uniq_nikola
Snake:1:  layout_cave_shapes, serial_bayou_pond_c, grunt_ministairs_11,
          minmay_shoptagon
Snake:2:  layout_misc_corridors, nicolae_integral_box
Snake:3:  layout_grid_shapes
Orc:1:    layout_caves
Orc:2:    grunt_orc_community_town_hall, layout_caves,
          grunt_orc_community_big_house_2, grunt_orc_community_big_house_2,
          grunt_orc_community_house_2, grunt_orc_community_house_2,
          grunt_orc_community_house_1, grunt_orc_community_house_3,
          grunt_orc_community_house_1, uniq_josephine, uniq_azrael, uniq_donald

Skill      XL: |  1  2  3  4  5  6  7  8  9 10 11 12 13 14 15 16 17 |
---------------+----------------------------------------------------+-----
Earth Magic    | 4 5 6 8 9 11 13 15 18 19 | 19.7
Fighting       | 1 2 3 4 5 7 9 10 11 13 14 15 16 | 16.3
Conjurations   | 2 3 4 6 7 8 9 10 11 | 11.6
Spellcasting   | 3 4 5 6 7 10 12 | 12.0
Stealth        | 5 |  5.0
Maces & Flails | 4 6 |  6.4
Alchemy        | 4 7 9 |  9.0
Fire Magic     | 2 3 |  3.7
Armour         | 3 6 |  6.0
Dodging        | 2 4 6 |  6.0
Shields        | 7 |  7.1

Action                     |  1- 3 |  4- 6 |  7- 9 | 10-12 | 13-15 | 16-18 || total
---------------------------+-------+-------+-------+-------+-------+-------++-------
  Melee: Whip              |       |    18 |    82 |    15 |       |       ||   115
         Unarmed           |       |    39 |       |       |       |       ||    39
         Punch             |       |     2 |     1 |     3 |     4 |       ||    10
         Demon whip        |       |       |       |   167 |   210 |   146 ||   523
   Cast: Sandblast         |    50 |    70 |     6 |       |     5 |       ||   131
         Stone Arrow       |       |    11 |   150 |   147 |   230 |    69 ||   607
         Olgreb's Toxic Ra |       |       |       |    31 |   123 |    12 ||   166
         Ignite Poison     |       |       |       |    23 |   101 |    25 ||   149
         Iskenderun's Batt |       |       |       |     6 |    25 |       ||    31
         Orb of Destructio |       |       |       |       |    18 |    63 ||    81
         Eringya's Noxious |       |       |       |       |    14 |    51 ||    65
         Lee's Rapid Decon |       |       |       |       |       |    28 ||    28
  Evoke: Wand              |       |       |       |       |     5 |     1 ||     6
    Use: Scroll            |       |     6 |     1 |    12 |    17 |    10 ||    46
         Potion            |       |     3 |     1 |     2 |     3 |     3 ||    12
 Armour: Robe              |     4 |    30 |   108 |   109 |       |       ||   251
         Skin              |       |    42 |       |       |       |       ||    42
         Ring mail         |       |       |       |   130 |   459 |   444 ||  1033
  Dodge: Dodged            |     7 |    33 |    97 |   164 |   230 |   224 ||   755
  Block: Buckler           |       |       |       |       |       |    35 ||    35
